 Dungeon Crawl Stone Soup version 0.29.1-12-g30fa7ad0bf (webtiles) character file.

Game seed: 7120126627244780469

46273 ThatPearl the Fighter (level 14, -10/120 HPs)
             Began as a Demonspawn Berserker on Jan 10, 2023.
             Was the Champion of Trog.
             Mangled by an ettin
             ... wielding a +0 dire flail
              (32 damage)
             ... on level 1 of the Orcish Mines.
             The game lasted 00:55:01 (16929 turns).

ThatPearl the Fighter (Demonspawn Berserker)       Turns: 16929, Time: 00:55:01

Health: -10/120    AC: 30    Str: 20    XL:     14   Next: 4%
Magic:  14/14      EV: 17    Int:  9    God:    Trog [******]
Gold:   1242       SH:  0    Dex: 22    Spells: 13/13 levels left

rFire   . . .      SeeInvis +   I - +3 battleaxe (protect)
rCold   + . .      Faith    .   (shield currently unavailable)
rNeg    . . .      Spirit   .   L - +3 scale mail of Wasizisk {rC+ Dex+7}
rPois   .          Reflect  .   Z - +2 helmet
rElec   +          Harm     .   V - +0 cloak
rCorr   +          Rampage  .   U - +2 pair of gloves
Will    +++..                   (no boots)
Stlth   ..........              x - amulet of regeneration
HPRegen 6.10/turn               t - ring of resist corrosion
MPRegen 0.14/turn               d - ring of see invisible

@: strong-willed, under a protective aura, regenerating
A: hooves 2, thin metallic scales 3, foul stench 2, powered by death 2
a: Renounce Religion, Berserk, Trog's Hand, Brothers in Arms


You were on level 1 of the Orcish Mines.
You worshipped Trog.
Trog was exalted by your worship.
You visited 3 branches of the dungeon, and saw 16 of its levels.
You also visited: Bailey.

You collected 1644 gold pieces.
You spent 402 gold pieces at shops.

Inventory:

Hand Weapons
 j - the +5 hand axe of the Vaults {vorpal, rElec rF+ Will+}
   (You found it on level 5 of the Dungeon)

   It inflicts extra damage upon your enemies.
   rF:        It protects you from fire.
   rElec:     It insulates you from electricity.
   Will:      It increases your willpower.
 I - a +3 battleaxe of protection (weapon)
 X - a +1 demon trident of flaming
Missiles
 s - 26 poisoned darts (quivered)
 G - 3 curare-tipped darts
 Y - 2 throwing nets
Armour
 g - +0 acid dragon scales
 D - a +0 ring mail of poison resistance
 L - the +3 scale mail of Wasizisk (worn) {rC+ Dex+7}
   (You found it on level 8 of the Dungeon)

   Dex:       It affects your dexterity (+7).
   rC:        It protects you from cold.
 U - a +2 pair of gloves (worn)
 V - a +0 cloak (worn)
 Z - a +2 helmet (worn)
Jewellery
 d - a ring of see invisible (right hand)
 i - a ring of protection from fire
 t - a ring of resist corrosion (left hand)
 x - an amulet of regeneration (around neck)
 O - a ring of flight
Wands
 n - a wand of polymorph (5)
 B - a wand of mindburst (6)
 H - a wand of quicksilver (10)
 N - a wand of roots (5)
 S - a wand of paralysis (4)
 T - a wand of digging (9)
 W - a wand of flame (9)
Scrolls
 a - 4 scrolls of summoning
 l - a scroll of acquirement {unknown}
 m - a scroll of silence
 o - 6 scrolls of poison
 p - 4 scrolls of blinking
 y - a scroll of brand weapon
 z - a scroll of butterflies
 E - 6 scrolls of enchant weapon
 J - 7 scrolls of identify
 K - 6 scrolls of enchant armour
 M - a scroll of magic mapping
 R - 6 scrolls of teleportation
Potions
 b - 7 potions of might
 c - 2 potions of cancellation
 e - 3 potions of resistance
 f - 5 potions of flight
 h - a potion of magic
 k - 5 potions of haste
 u - 3 potions of berserk rage
 v - 6 potions of heal wounds
 w - 7 potions of curing
 F - 2 potions of ambrosia
 P - a potion of invisibility
 Q - 2 potions of mutation
Miscellaneous
 r - a lightning rod (4/4)


   Skills:
 + Level 14.1 Fighting
 * Level 13.3 Axes
 - Level 8.0 Armour
 + Level 10.3 Dodging
 + Level 6.2 Evocations


You had 13 spell levels left.
You didn't know any spells.
Your spell library was empty.

Dungeon Overview and Level Annotations

Branches:
Dungeon (10/15)            Temple (0/1) D:7            Lair (5/5) D:10
 Shoals (0/4) Lair:3       Spider (0/4) Lair:3        Slime (0/5) Lair:5
    Orc (1/2) D:10         Bailey (visited)

Altars:
Dithmenos
Trog
Uskayaw
Wu Jian
Xom
Jiyva

Shops:
D:4 !   D:5 !*:*   D:8 *   D:10 [   Orc:1 (

Portals:
Trove: D:10 (give +2 gold dragon scales)

Annotations:
D:6 2 runed translucent doors, SirLogeyBear's ghost, novice HOBe


Innate Abilities, Weirdness & Mutations

You have hoof-like feet.
You are completely covered in thin metallic scales. (AC +4, rElec)
You sometimes emit foul miasma when damaged in melee.
You regenerate health from kills.


Message History

You hit the orc warrior but do no damage.
The ettin closely misses you. The ettin barely misses you.
The orc wizard mumbles some strange words.
The orc wizard flickers and vanishes for a moment.
An orc warrior comes into view. It is wielding a +0 battleaxe.
You hit the orc warrior. You kick the orc warrior.
The orc warrior is severely wounded.
You hit the troll. You slash the ettin!
The orc warrior hits you with a +0 long sword.
An orc warrior comes into view. It is wielding a +0 scimitar.
The ettin hits you with a +0 dire flail!
The ettin hits you but does no damage. The troll bites you but does no damage.
The troll claws you but does no damage. The troll misses you.
The orc warlord roars a battlecry!
The orc wizard goes into a battle-frenzy!
The orc warrior hits you with a +0 long sword!
The ettin hits you with a +0 dire flail.
The ettin hits you with a +2 great mace of holy wrath!
You convulse!
You emit a cloud of foul miasma!
The troll barely misses you. The troll misses you. The troll barely misses you.
You hit the ettin. You kick the ettin.
The ettin is moderately wounded.
You barely miss the orc warrior. You barely miss the troll.
The orc warrior barely misses you.
The ettin is engulfed in dark miasma.
The ettin is poisoned.
The ettin hits you with a +0 dire flail!
The ettin completely misses you.
An orc comes into view. It is wielding a +0 short sword.
The troll bites you but does no damage.
The troll claws you but does no damage. x2
The orc shouts!
You slash the ettin! You kick the ettin, but do no damage.
The ettin is severely wounded.
You barely miss the orc warrior. You hit the orc. You slash the troll!
The orc warrior completely misses you.
The ettin is engulfed in dark miasma.
The ettin looks even sicker.
The ettin hits you with a +0 dire flail!
The ettin hits you with a +2 great mace of holy wrath!!
* * * LOW HITPOINT WARNING * * *
You convulse!!
You die...

......##
##.#....#.##
.....##
####......#
#..###
####......##
...#
.#.....#..#.##
#.##
.............#
###
#............##
##.......#.###
#.......###
.......o@#
#..#..ooTCo#
#.##$...oooo..
....#.#.oooo....
....#..o...o...
.......^oo>.....
................
.. ....o...#...


You could see an orc warlord, an ettin (very poisoned), a troll, 5 orc warriors,
an orc priest (strong), 4 orc wizards and 6 orcs.

Vanquished Creatures
  Gastronok (D:8)
  An azure jelly (Lair:4)
  Fannar (Lair:2)
  A boulder beetle (Lair:1)
  3 hydras
  2 catoblepae (Lair:4)
  A two-headed ogre (D:10)
  2 goliath frogs (Lair:5)
  An oklob plant (D:10)
  3 orc knights
  A deep elf pyromancer (D:10)
  3 elephants (Lair:4)
  A cyclops (Orc:1)
  Maurice (D:10)
  A torpor snail (Lair:4)
  4 black mambas (Lair:5)
  Maggie (D:8)
  27 cane toads
  3 rime drakes
  2 komodo dragons
  2 trolls
  A polar bear (shapeshifter) (D:10)
  2 tyrant leeches (Lair:5)
  2 hornets
  5 dream sheep (Lair:4)
  2 slime creatures (Lair:4)
  31 blink frogs
  A jumping spider (Lair:3)
  2 shadows (D:10)
  A wraith (D:9)
  4 wyverns
  17 yaks
  3 steam dragons
  5 vampire mosquitoes (Lair:5)
  A basilisk (Lair:2)
  A redback (Lair:3)
  Menkaure (D:6)
  12 water moccasins
  11 orc warriors
  A black bear (D:7)
  8 ogres
  24 wolves
  A phantom (D:5)
  2 centaurs (D:9)
  4 kobold brigands
  25 bullfrogs
  Blork the orc (D:4)
  2 gnoll sergeants
  2 necrophages
  2 scorpions
  9 wights
  6 killer bees (D:6)
  4 howler monkeys
  2 electric eels
  9 hounds
  4 jellies
  3 gnoll boudas
  An orc priest (Orc:1)
  3 iguanas
  7 orc wizards
  4 hell rats (Lair:5)
  7 adders
  26 gnolls
  An ufetubus (D:4)
  3 worms
  3 dart slugs
  49 orcs
  4 ball pythons
  13 endoplasms
  4 giant cockroaches
  8 goblins
  10 hobgoblins
  6 jackals (D:4)
  32 kobolds
  A quokka (D:1)
  3 bats
  3 frilled lizards
  5 rats
466 creatures vanquished.

Vanquished Creatures (collateral kills)
  A two-headed ogre (D:7)
  A gnoll sergeant (D:9)
  3 orcs (D:7)
5 creatures vanquished.

Vanquished Creatures (others)
  An orc (D:10)
  A butterfly (Lair:2)
  43 fungi
  97 plants
142 creatures vanquished.

Grand Total: 613 creatures vanquished

Notes
Turn   | Place    | Note
-------+----------+-------------------------------------------
     0 | D:1      | ThatPearl the Demonspawn Berserker began the quest for the
                  | Orb.
     0 | D:1      | Reached XP level 1. HP: 18/18 MP: 1/1
   473 | D:1      | Gained mutation: You regenerate a little health from kills.
                  | [demonic ancestry]
   473 | D:1      | Reached XP level 2. HP: 24/24 MP: 2/2
   689 | D:1      | Found a faded altar of an unknown god.
  1401 | D:2      | Gained mutation: You are partially covered in thin metallic
                  | scales. (AC +2) [demonic ancestry]
  1401 | D:2      | Reached XP level 3. HP: 29/29 MP: 3/3
  1442 | D:2      | Reached ** piety under Trog
  2117 | D:3      | Reached XP level 4. HP: 27/37 MP: 4/4
  2938 | D:4      | Reached skill level 4 in Fighting
  2950 | D:4      | Noticed Blork the orc
  2968 | D:4      | Gained mutation: You are mostly covered in thin metallic
                  | scales. (AC +3) [demonic ancestry]
  2968 | D:4      | Reached XP level 5. HP: 36/42 MP: 5/5
  3268 | D:4      | Found Ukucimuf's Distillery.
  3278 | D:4      | Killed Blork the orc
  3308 | D:4      | Gained mutation: You have large cloven feet. [demonic
                  | ancestry]
  3308 | D:4      | Reached XP level 6. HP: 34/49 MP: 6/6
  3502 | D:4      | Identified the +0 robe of Vehumet's Esteem {Dex+4}
  3520 | D:4      | Reached *** piety under Trog
  3554 | D:4      | Reached skill level 5 in Fighting
  3557 | D:4      | Found a glowing drain.
  3866 | D:4      | Bought a potion of heal wounds for 55 gold pieces
  3866 | D:4      | Bought a potion of curing for 33 gold pieces
  3957 | D:5      | Entered Level 5 of the Dungeon
  3957 | D:5      | Found Cuvuryel's Assorted Antiques.
  4037 | D:5      | Gained mutation: You regenerate health from kills. [demonic
                  | ancestry]
  4037 | D:5      | Reached XP level 7. HP: 56/56 MP: 7/7
  4120 | D:5      | Found Sitafaet's Book Emporium.
  4123 | D:5      | Identified the +5 hand axe of the Vaults {vorpal, rElec rF+
                  | Will+}
  4177 | D:5      | Reached skill level 5 in Axes
  4336 | D:5      | Found Miarchir's Distillery.
  4382 | D:5      | Found Kejeh's Assorted Antiques.
  4643 | D:6      | Noticed a steam dragon
  4672 | D:6      | Reached skill level 5 in Armour
  4673 | D:6      | Reached skill level 6 in Fighting
  4834 | D:6      | Gained mutation: You may rarely emit foul miasma when
                  | damaged in melee. [demonic ancestry]
  4834 | D:6      | Reached XP level 8. HP: 64/64 MP: 8/8
  4890 | D:6      | Found a bloodstained altar of Trog.
  4890 | D:6      | Found a shadowy altar of Dithmenos.
  4895 | D:6      | Found a shimmering altar of Xom.
  4906 | D:6      | Reached **** piety under Trog
  4952 | D:6      | Noticed Menkaure
  4958 | D:6      | Killed Menkaure
  4974 | D:6      | Reached skill level 7 in Fighting
  5060 | D:6      | Found a runed translucent door.
  5086 | D:6      | Found an ornate altar of the Wu Jian Council.
  5091 | D:6      | Found a runed translucent door.
  5094 | D:6      | Noticed SirLogeyBear's ghost (novice HOBe)
  5189 | D:6      | Gained mutation: You are completely covered in thin
                  | metallic scales. (AC +4, rElec) [demonic ancestry]
  5189 | D:6      | Reached XP level 9. HP: 31/72 MP: 9/9
  5567 | D:7      | Noticed a two-headed ogre
  5597 | D:7      | Killed a two-headed ogre
  5598 | D:7      | Reached skill level 8 in Fighting
  5700 | D:7      | Found a staircase to the Ecumenical Temple.
  6953 | D:7      | Found a hide-covered altar of Uskayaw.
  7181 | D:8      | Noticed a troll
  7193 | D:8      | Killed a troll
  7194 | D:8      | Reached skill level 9 in Fighting
  7194 | D:8      | Reached XP level 10. HP: 83/83 MP: 10/10
  7252 | D:8      | Noticed Maggie
  7269 | D:8      | Killed Maggie
  7559 | D:8      | Found Doxaesaixt's Assorted Antiques.
  7563 | D:8      | Identified the +3 scale mail of Wasizisk {rC+ Dex+7}
  7655 | D:8      | Paralysed by a hornet for 2 turns
  8044 | D:8      | Noticed Gastronok
  8059 | D:8      | HP: 6/124 [Gastronok (27)]
  8061 | D:8      | Killed Gastronok
  8379 | D:9      | Found a flagged portal.
  8384 | Bailey   | Entered a bailey
  8426 | Bailey   | Reached ***** piety under Trog
  8433 | Bailey   | Reached skill level 10 in Fighting
  8481 | Bailey   | Noticed an orc knight
  8547 | Bailey   | Killed an orc knight
  8552 | Bailey   | Noticed an orc knight
  8591 | Bailey   | Killed an orc knight
  8723 | Bailey   | Reached XP level 11. HP: 69/92 MP: 11/11
  9035 | D:9      | Reached skill level 5 in Dodging
  9402 | D:10     | Entered Level 10 of the Dungeon
  9432 | D:10     | Noticed a two-headed ogre
  9437 | D:10     | Killed a two-headed ogre
  9482 | D:10     | Found a staircase to the Lair.
  9486 | D:10     | Noticed an oklob plant
  9569 | D:10     | Reached skill level 10 in Axes
  9641 | D:10     | Reached skill level 11 in Fighting
  9896 | D:10     | Noticed a deep elf pyromancer
  9896 | D:10     | Noticed an orc knight
  9897 | D:10     | Found Heul's Armour Emporium.
  9901 | D:10     | Found a staircase to the Orcish Mines.
  9914 | D:10     | Killed an orc knight
  9920 | D:10     | Killed a deep elf pyromancer
 10132 | D:10     | Bought a +2 pair of gloves for 247 gold pieces
 10137 | D:10     | Bought a +0 cloak for 67 gold pieces
 10211 | D:10     | Found a portal to a secret trove of treasure.
 10331 | D:10     | Noticed Maurice
 10339 | D:10     | Killed Maurice
 10346 | D:10     | Found a transporter.
 10350 | D:10     | Found a transporter.
 10352 | D:10     | Found a transporter.
 10496 | D:10     | Found a transporter.
 10677 | D:10     | Killed an oklob plant
 10706 | Lair:1   | Entered Level 1 of the Lair of Beasts
 10755 | Lair:1   | Noticed a boulder beetle
 10790 | Lair:1   | Killed a boulder beetle
 11377 | Lair:1   | Received a gift from Trog
 11536 | Lair:1   | Gained mutation: You have hoof-like feet. [demonic
                  | ancestry]
 11536 | Lair:1   | Reached XP level 12. HP: 90/102 MP: 12/12
 11833 | Lair:2   | Reached skill level 12 in Fighting
 11888 | Lair:2   | Noticed a four-headed hydra
 11895 | Lair:2   | Killed a four-headed hydra
 11911 | Lair:2   | Noticed Fannar
 12061 | Lair:2   | Killed Fannar
 12258 | Lair:2   | Found a shimmering altar of Xom.
 13300 | Lair:3   | Found a staircase to the Shoals.
 13433 | Lair:3   | Found a hole to the Spider Nest.
 13990 | Lair:4   | Reached skill level 1 in Evocations
 13996 | Lair:4   | Noticed a catoblepas
 14018 | Lair:4   | Killed a catoblepas
 14380 | Lair:4   | Reached skill level 13 in Fighting
 14705 | Lair:4   | Noticed an azure jelly
 14716 | Lair:4   | Killed an azure jelly
 14717 | Lair:4   | Reached XP level 13. HP: 111/111 MP: 13/13
 15183 | Lair:5   | Entered Level 5 of the Lair of Beasts
 15491 | Lair:5   | Reached ****** piety under Trog
 15538 | Lair:5   | Reached skill level 5 in Evocations
 15693 | Lair:5   | Reached skill level 10 in Dodging
 15811 | Lair:5   | Received a gift from Trog
 15815 | Lair:5   | Reached skill level 14 in Fighting
 16335 | Lair:5   | Found a viscous altar of Jiyva.
 16335 | Lair:5   | Found a staircase to the Slime Pits.
 16577 | Lair:5   | Gained mutation: You sometimes emit foul miasma when
                  | damaged in melee. [demonic ancestry]
 16577 | Lair:5   | Reached XP level 14. HP: 100/120 MP: 14/14
 16808 | Orc:1    | Entered Level 1 of the Orcish Mines
 16808 | Orc:1    | Found Cesuy's Antique Weapon Boutique.
 16919 | Orc:1    | Noticed an orc warlord
 16929 | Orc:1    | Mangled by an ettin

Illustrated notes

Levels and vault maps discovered:
D:1:      shiori_arrival_maze, layout_basic, hellmonk_ecumenical_altar_zigzags
D:2:      layout_basic
D:3:      layout_loops_ring, kennysheep_donut
D:4:      layout_basic, portal_sewer_entry_d, serial_shops, shop,
          uniq_blork_the_orc
D:5:      layout_cave_pools, serial_shops, shop, nicolae_square_shop, shop,
          nicolae_shop_behind_doors
D:6:      layout_basic, nicolae_overflow_hidden_temple, ebering_ghost_sewer_f,
          kennysheep_generic_room_16, uniq_menkaure
D:7:      layout_layer_cave, nicolae_uskayaw_suspiria,
          minmay_temple_entry_stoned_glass
D:8:      layout_gridville, serial_shops, shop_coins, minmay_misc_feat_ornament,
          uniq_gastronok, uniq_maggie
D:9:      layout_roguey, enter_bailey_3
D:10:     layout_irregular_city, dpeg_oklobed_lair, orc_david_3, enter_trove_0,
          nicolae_transporter_circle, uniq_maurice
Lair:1:   layout_cellular_growth
Lair:2:   layout_cave_pods, basic_altar, lemuel_fruit_fields, uniq_fannar
Lair:3:   layout_gridlike, shoals_dummy_entry, spider_nest_entry_a
Lair:4:   layout_layer_cave, nicolae_lair_time_for_slime
Lair:5:   minmay_lair_end_frog_pond, layout_layer_cave,
          dpeg_slime_entry_enclosed
Orc:1:    layout_caves, serial_shops, shop

Skill      XL: |  1  2  3  4  5  6  7  8  9 10 11 12 13 |
---------------+----------------------------------------+-----
Armour         | 2 3 4 5 6 8 |  8.0
Axes           | 3 4 5 6 8 9 10 12 13 | 13.3
Fighting       | 4 5 6 7 9 10 11 13 14 | 14.1
Dodging        | 4 7 9 10 | 10.3
Evocations     | 3 6 |  6.2

Action                   |  1- 3 |  4- 6 |  7- 9 | 10-12 | 13-15 || total
-------------------------+-------+-------+-------+-------+-------++-------
Melee: Hand axe          |    84 |       |   225 |    49 |       ||   358
       Punch             |     3 |     1 |     4 |       |       ||     8
       Whip              |    25 |    54 |       |       |       ||    79
       War axe           |       |   143 |       |       |       ||   143
       Kick              |       |       |    41 |   191 |   116 ||   348
       Battleaxe         |       |       |       |   439 |   310 ||   749
       Demon trident     |       |       |       |     4 |    15 ||    19
Throw: Dart              |       |       |       |     3 |       ||     3
Invok: Berserk           |     1 |     4 |     2 |     7 |     1 ||    15
       Brothers in Arms  |       |       |     1 |       |       ||     1
       Trog's Hand       |       |       |       |     1 |     1 ||     2
  Use: Scroll            |       |       |     6 |    20 |     2 ||    28
Armor: Leather armour    |     8 |       |       |       |       ||     8
       Animal skin       |     3 |       |       |       |       ||     3
       Scale mail        |    32 |    98 |   123 |   404 |   184 ||   841
Dodge: Dodged            |    46 |   162 |   140 |   477 |   340 ||  1165
